Map: [ESL] Babylon

Players

Harstem

  • Race: Protoss Protoss
  • Spawn Location: 5:00

Elazer - Winner!

  • Race: Zerg Zerg
  • Spawn Location: 11:00

Event: ESL SC2 Masters 2023 Summer (Regionals)

VOD

Have the link to the VOD?

Description

Time

  • Played on: May 10, 2023, 12:36 p.m.
  • Length: 13:51

All games in this series

Show
View Real Time Build Order
Export as new Build Order

Harstem Protoss 

Build Orders: 1 Gate Expand, Mass Adepts 

Get SALT Encoding   

  12  0:00  Probe  
  13  0:12  Probe  
  14  0:17  Pylon  
  14  0:24  Probe (Chrono Boost)  
  15  0:36  Probe (Chrono Boost)  
  15  0:38  Gateway  
  16  0:45  Probe (Chrono Boost)  
  16  0:48  Assimilator  
  17  0:51  Probe  
  18  1:03  Probe  
  19  1:15  Probe  
  20  1:25  Nexus  
  20  1:35  Cybernetics Core  
  20  1:37  Probe  
  21  1:45  Assimilator  
  21  1:49  Probe  
  21  1:53  Pylon  
  22  2:01  Probe  
  23  2:09  Adept (Chrono Boost)  
  23  2:11  Warp Gate  
  23  2:13  Probe  
  26  2:22  Twilight Council  
  26  2:25  Probe  
  26  2:29  Adept (Chrono Boost)  
  29  2:37  Probe  
  29  2:39  Probe  
  30  2:50  Probe  
  30  2:51  Probe, Stalker  
  34  3:02  Probe  
  34  3:03  Probe  
  34  3:05  Gateway  
  36  3:10  Robotics Facility  
  36  3:14  Probe  
  36  3:16  Probe  
  38  3:23  Gateway  
  38  3:25  Gateway  
  38  3:28  Probe  
  38  3:29  Probe, Resonating Glaives (Chrono Boost)  
  40  3:38  Pylon  
  40  3:40  Probe  
  41  3:42  Probe  
  41  3:46  Pylon  
  42  3:53  Warp Prism (Chrono Boost)  
  44  4:00  Adept x2  
  44  4:02  Probe  
  49  4:04  Probe  
  49  4:08  Assimilator  
  50  4:20  Adept x4  
  50  4:23  Pylon  
  58  4:30  Robotics Bay  
  58  4:31  Probe  
  59  4:43  Adept x4  
  67  4:48  Pylon  
  67  4:53  Probe  
  68  5:03  Adept  
  68  5:06  Adept x3  
  76  5:09  Pylon  
  76  5:10  Probe  
  77  5:20  Probe  
  78  5:26  Pylon  
  78  5:27  Probe, Disruptor (Chrono Boost)  
  78  5:28  Assimilator  
  73  5:40  Adept x2  
  77  5:46  Nexus  
  76  5:51  Pylon  
  76  5:56  Probe x2  
  81  5:58  Disruptor (Chrono Boost)  
  81  6:06  Adept x2  
  81  6:08  Probe x2  
  87  6:12  Adept  
  87  6:13  Adept  
  91  6:20  Probe x2  
  91  6:21  Shield Battery  
  93  6:26  Adept  
  93  6:28  Adept  
  93  6:32  Probe, Pylon, Observer  
  99  6:33  Probe  
  99  6:37  Forge  
  100  6:44  Probe  
  100  6:45  Probe  
  102  6:49  Pylon  
  102  6:56  Probe  
  102  6:57  Probe  
  102  7:08  Probe, Stalker x4  
  111  7:10  Protoss Ground Weapons Level 1 (Chrono Boost)  
  111  7:13  Probe  
  113  7:17  Probe, Colossus (Chrono Boost)  
  120  7:22  Probe  
  120  7:24  Assimilator  
  120  7:26  Extended Thermal Lance, Probe  
  121  7:32  Probe, Sentry  
  121  7:35  Probe  
  125  7:38  Probe  
  125  7:40  Stalker x3  
  132  7:52  Probe, Charge  
  132  7:55  Assimilator  
  132  7:58  Pylon  
  133  7:59  Pylon  
  133  8:00  Gateway  
  133  8:01  Gateway  
  133  8:12  Colossus (Chrono Boost)  
  133  8:16  Probe x2  
  133  8:18  Stalker x2  
  133  8:19  Pylon  
  145  8:20  Pylon  
  145  8:35  Stalker x2  
  145  8:38  Probe  
  145  8:40  Pylon  
  150  8:52  Stalker x2  
  154  8:57  Templar Archives, Colossus (Chrono Boost)  
  154  8:59  Nexus  
  160  9:10  Probe x2  
  160  9:13  Gateway  
  160  9:14  Gateway  
  160  9:16  Probe  
  160  9:17  Pylon  
  163  9:18  Photon Cannon  
  163  9:19  Psionic Storm  
  163  9:22  Pylon, Protoss Ground Weapons Level 2 (Chrono Boost)  
  163  9:23  Assimilator  
  163  9:24  Stalker  
  165  9:25  Assimilator  
  165  9:29  Pylon x2  
  165  9:38  Observer  
  165  9:45  Probe  
  165  9:49  Photon Cannon  
  165  9:50  High Templar x4  
  174  10:05  Stalker x2  
  177  10:08  Probe  
  177  10:11  Photon Cannon  
  177  10:12  Pylon  
  177  10:13  Pylon  
  178  10:23  Stalker x6  
  178  10:27  Observer (Chrono Boost)  
  191  10:30  Probe  
  191  10:33  Pylon  
  193  10:42  Probe  
  193  10:45  Gateway  
  193  10:47  Gateway, Stalker x3  
  199  10:56  Blink (Chrono Boost)  
  156  11:03  Stalker x3  
  128  11:07  Probe, Immortal (Chrono Boost)  
  128  11:10  Probe  
  113  11:14  Probe, Shield Battery  
  113  11:21  Gateway  
  113  11:22  Gateway  
  112  11:27  High Templar x4  
  120  11:42  High Templar x2  
  124  11:47  Archon  
  124  11:53  Gateway  
  124  11:55  Pylon  
  124  12:01  Immortal (Chrono Boost), Stalker x4  
  136  12:18  Stalker x4  
  133  12:25  Archon x2  
  133  12:27  Stalker x2  
  133  12:28  Stalker  
  113  12:30  Stalker  
  113  12:34  Probe  
  113  12:36  Probe  
  103  12:41  Stalker x4  
  105  12:56  Nexus  
  105  12:59  High Templar x3  
  105  13:03  High Templar  
  105  13:04  High Templar  
  115  13:11  Stalker  
  115  13:12  Stalker  
  119  13:15  Probe  
  120  13:24  Stalker x2  
  116  13:40  Stalker x2  
  88  13:47  Zealot  
Show
View Real Time Build Order
Export as new Build Order

Elazer Zerg - Winner!

Build Orders: Hatch First 

Get SALT Encoding   

  12  0:00  Drone  
  13  0:12  Overlord  
  13  0:16  Drone  
  14  0:30  Drone x2  
  16  0:48  Hatchery  
  15  0:51  Drone  
  15  0:55  Drone  
  17  0:58  Drone  
  18  1:09  Extractor  
  17  1:13  Spawning Pool  
  17  1:17  Drone  
  17  1:20  Drone  
  18  1:28  Drone  
  19  1:39  Drone  
  20  1:50  Overlord  
  20  2:00  Queen x2  
  20  2:01  Drone, Zergling x2  
  26  2:12  Zergling x2, Metabolic Boost  
  26  2:13  Drone  
  28  2:22  Drone, Zergling x2  
  30  2:31  Drone  
  30  2:32  Drone  
  32  2:41  Queen  
  34  2:47  Overlord  
  34  2:52  Hatchery  
  34  2:57  Zergling x2  
  34  2:59  Drone x2  
  34  3:05  Queen  
  38  3:10  Drone  
  38  3:11  Drone x2  
  41  3:14  Overlord  
  41  3:21  Queen  
  41  3:25  Overlord  
  41  3:26  Drone  
  44  3:31  Overlord  
  44  3:33  Drone  
  45  3:34  Drone  
  46  3:45  Drone x2  
  46  3:47  Drone x2, Queen  
  52  3:53  Drone x3  
  52  3:54  Drone  
  56  3:56  Drone  
  56  4:02  Overlord  
  57  4:09  Zergling x6, Roach Warren  
  59  4:13  Zergling x2  
  59  4:14  Zergling x2  
  59  4:15  Zergling x2  
  62  4:20  Zergling x6  
  62  4:24  Queen  
  64  4:27  Zergling x6  
  69  4:32  Zergling x6  
  69  4:36  Overlord  
  73  4:38  Zergling x2  
  73  4:48  Zergling x2  
  73  4:49  Overlord x2  
  74  4:55  Roach x4  
  82  5:07  Roach  
  82  5:08  Zergling x12  
  82  5:13  Roach x2  
  94  5:14  Zergling x4  
  96  5:22  Overlord  
  96  5:25  Zergling x4  
  94  5:32  Zergling x8  
  90  5:38  Spore Crawler x2  
  88  5:43  Zergling x12  
  93  5:51  Overlord  
  93  5:54  Drone, Lair  
  96  5:58  Drone  
  96  6:02  Drone x3  
  100  6:09  Drone x4  
  104  6:13  Drone x3  
  107  6:20  Overlord  
  107  6:21  Drone x4  
  107  6:23  Hatchery  
  110  6:26  Drone x2  
  110  6:31  Extractor  
  111  6:32  Extractor  
  111  6:33  Extractor, Drone  
  111  6:37  Overlord, Evolution Chamber  
  111  6:38  Drone x2, Baneling Nest  
  110  6:40  Drone x3  
  110  6:43  Extractor  
  110  6:44  Extractor  
  111  6:47  Zergling x2  
  111  6:48  Zergling x12  
  111  6:49  Ravager  
  119  6:58  Zergling x6  
  113  7:08  Glial Reconstitution  
  113  7:10  Overlord  
  113  7:16  Overlord  
  113  7:17  Zerg Melee Weapons Level 1  
  113  7:19  Drone x4  
  113  7:22  Drone x3  
  120  7:23  Drone x2  
  120  7:24  Drone  
  123  7:34  Drone x3  
  126  7:41  Overlord  
  126  7:42  Overseer  
  126  7:44  Overlord, Drone x10  
  121  7:50  Overlord, Centrifugal Hooks  
  121  7:51  Drone x2  
  125  7:55  Drone  
  126  8:02  Hatchery  
  126  8:04  Roach  
  126  8:05  Roach x3  
  133  8:07  Roach x3  
  133  8:10  Roach x7  
  146  8:20  Roach x4  
  146  8:21  Ravager x2  
  146  8:22  Ravager  
  146  8:25  Zergling x8  
  158  8:32  Ravager  
  158  8:33  Ravager x3  
  147  8:34  Roach  
  147  8:35  Roach x3  
  147  8:39  Zergling x16  
  163  8:42  Overlord  
  163  8:48  Overlord  
  163  8:49  Zergling x6  
  163  8:54  Zergling x2  
  163  8:55  Zergling x2  
  168  8:59  Overlord  
  167  9:10  Drone  
  167  9:11  Zergling x24  
  167  9:12  Zerg Melee Weapons Level 2  
  180  9:17  Zergling x8  
  184  9:24  Zergling x12  
  184  9:26  Baneling x12  
  184  9:30  Zergling x6  
  193  9:36  Zergling x10  
  198  9:39  Baneling x32  
  198  9:52  Baneling  
  198  9:53  Baneling x7  
  189  10:08  Baneling x10  
  189  10:24  Zergling x4  
  189  10:25  Zergling x12  
  189  10:28  Baneling x13  
  195  10:48  Zergling x20  
  164  11:01  Roach x19  
  181  11:10  Zergling x20  
  161  11:18  Roach x6  
  166  11:23  Roach x2, Ravager  
  166  11:24  Ravager  
  172  11:27  Overlord  
  172  11:28  Zerg Missile Weapons Level 1, Zergling x2  
  172  11:29  Zergling x8  
  177  11:34  Hatchery  
  177  11:35  Zergling x2  
  177  11:36  Zergling x4  
  179  11:41  Drone x2  
  179  11:42  Drone  
  179  11:46  Zergling x18  
  191  11:47  Baneling x10  
  191  11:56  Zergling x2  
  191  11:57  Zergling x12  
  198  12:02  Baneling x15  
  198  12:11  Baneling x5  
  195  12:21  Zergling x24  
  195  12:22  Zergling x14  
  175  12:33  Roach x11  
  177  12:37  Zergling x8  
  177  12:42  Roach  
  155  12:48  Roach x5  
  152  12:53  Roach x4  
  152  12:56  Overlord  
  160  13:02  Baneling x12  
  160  13:03  Zergling x2  
  160  13:04  Zergling x8  
  165  13:06  Extractor, Drone  
  165  13:09  Drone x3  
  165  13:11  Zergling x14  
  165  13:12  Zergling x4  
  177  13:14  Baneling x9  
  177  13:16  Overlord  
  177  13:17  Zergling x2  
  177  13:18  Zergling x2  
  179  13:21  Zergling x14  
  181  13:30  Zergling x14  
Tags
 
Add a new tag
Caveats
  • Supply blocks, unpowered buildings, or Contaminate may cause inaccurate times.
  • Supply counts are checked every 10 seconds.